 Dungeon Crawl Stone Soup version 0.20-a0-51-g027d3fc (webtiles) character file.

37 dvd the Scratcher (level 3, 0/15 HPs)
             Began as a Felid Transmuter on Nov 15, 2016.
             Slain by Terence
             ... wielding a +0 falchion
              (10 damage)
             ... on level 2 of the Dungeon.
             The game lasted 00:03:38 (1251 turns).

dvd the Scratcher (Felid Transmuter)                Turns: 1251, Time: 00:03:40

Health: 0/15       AC:  4    Str:  7    XL:     3   Next: 21%
Magic:  1/7        EV: 18    Int: 14    God:
Gold:   77         SH:  0    Dex: 16    Spells: 3 memorised, 0 levels left
                                        Lives:  0   Deaths: 0

rFire  . . .     SeeInvis +       - Unarmed
rCold  . . .     Gourm    .     (armour unavailable)
rNeg   . . .     Faith    .     (shield unavailable)
rPois  .         Spirit   .     (helmet unavailable)
rElec  .         Reflect  .     (cloak unavailable)
rCorr  .         Harm     .     (gloves unavailable)
MR     .....                    (boots unavailable)
Stlth  ++........               (no amulet)
                                (no ring)
                                q - +3 ring of protection

@: appendage (expiring), quick
A: no armour, no weapons or thrown items, stealth, claws 1, fangs 3, horns 2,
see invisible, carnivore 3, speed 1, shaggy fur 1, slow metabolism 1, sharp paws
a: End Transformation


You were on level 2 of the Dungeon.
You were very full.
You had grown temporary horns.
You visited 1 branch of the dungeon, and saw 2 of its levels.

You collected 77 gold pieces.

Inventory:

Missiles
 a - 31 arrows
Jewellery
 q - a +3 ring of protection (left paw)
Scrolls
 d - 2 scrolls of identify {unknown}
 g - 3 scrolls of enchant armour {unknown}
 i - 2 scrolls of random uselessness {unknown}
 j - 2 scrolls of amnesia {unknown}
 l - a scroll of magic mapping {unknown}
 m - a scroll of remove curse {unknown}
 p - a scroll of enchant weapon {unknown}
Potions
 e - a potion of lignification {unknown}
 f - a potion of agility {unknown}
 h - 2 potions of might {unknown}
 n - 2 potions of flight {unknown}
 o - 2 potions of ambrosia {unknown}
Books
 b - a book of Changes

   Spells                             Type                      Level
   a - Beastly Appendage              Transmutation                1
   b - Sticks to Snakes               Transmutation                2
   c - Spider Form                    Transmutation/Poison         3
   d - Ice Form                       Ice/Transmutation            4
   e - Blade Hands                    Transmutation                5
Comestibles
 c - a meat ration
 k - 3 chunks of flesh


   Skills:
 + Level 1.0 Fighting
 + Level 3.2 Dodging
 + Level 3.7 Unarmed Combat
 + Level 2.3 Spellcasting
 + Level 2.3 Transmutations


You couldn't memorise any spells.
You knew the following spells:

 Your Spells              Type           Power        Failure   Level  Hunger
a - Beastly Appendage     Tmut           #.....       12%         1    #......
b - Sticks to Snakes      Tmut           #.......     17%         2    ###....
c - Spider Form           Tmut/Pois      #.........   47%         3    ###....


Dungeon Overview and Level Annotations

Branches:
Dungeon (2/15)

Altars:

Annotations:
D:2 Terence


Innate Abilities, Weirdness & Mutations

You cannot wear armour.
You are incapable of wielding weapons or throwing items.
Your paws allow you to move quietly. (Stealth)
You have sharp claws.
You have razor-sharp teeth.
You have supernaturally acute eyesight. (SInv)
You are carnivorous and can eat meat at any time.
You cover ground quickly.
You are covered in fur. (AC +1)
You have a slow metabolism.
Your sharp claws are effective at attacking unaware monsters.
You have a pair of horns on your head.


Message History

Your ball python bites Terence but does no damage.
You scratch Terence but do no damage.
Terence is moderately wounded.
Your ball python bites Terence but does no damage.
Your ball python constricts Terence.
Your ball python bites Terence.
Terence barely misses you.
Your ball python bites Terence but does no damage.
Your ball python constricts Terence.
You scratch Terence.
Terence is heavily wounded.
Your ball python bites Terence but does no damage.
Terence barely misses you.
Your ball python bites Terence but does no damage.
Your ball python constricts Terence.
Your ball python bites Terence but does no damage.
You scratch Terence.
Terence is heavily wounded.
Terence hits you with a falchion!
Ouch! That really hurt!
You die...

.....<...#...####..###
###.#.######.# #..##
#.#.# #.####...# #.#.#
#....#.#.# ###.#)#
#####..>#.# ##..#.#
#.........## ...##.#
#..........# #####.#
#.....S....# .# #.#
#.>..@@....# (.. #.#
#.....#S###.# ....#.#
#..........#.# >.....#
...##.##.### # ......
.. # ... ...... ...
..... ..... .......


You could see Terence and 2 friendly ball pythons.

Vanquished Creatures
  2 oozes (D:1)
  A dart slug (D:1)
  A leopard gecko (D:2)
  3 bats (D:1)
  2 giant cockroaches (D:1)
  4 goblins
  2 quokkas (D:2)
  2 frilled lizards (D:1)
  3 kobolds (D:1)
  5 rats
25 creatures vanquished.

Vanquished Creatures (collateral kills)
  A goblin (D:1)
  A hobgoblin (D:1)
2 creatures vanquished.

Grand Total: 27 creatures vanquished

Notes
Turn   | Place    | Note
-------+----------+-------------------------------------------
     0 | D:1      | dvd the Felid Transmuter began the quest for the Orb.
     0 | D:1      | Reached XP level 1. HP: 9/9 MP: 4/4
   205 | D:1      | Reached XP level 2. HP: 7/12 MP: 4/6
   463 | D:1      | Learned a level 2 spell: Sticks to Snakes
   816 | D:1      | Reached XP level 3. HP: 11/15 MP: 0/7
  1070 | D:2      | Learned a level 3 spell: Spider Form
  1231 | D:2      | Noticed Terence
  1251 | D:2      | Slain by Terence

Vault maps used:
D:1:      tarquinn_simple_flora_water_d, roderic_serpentine_path
D:2:      uniq_terence

Skill      XL: |  1  2 |
---------------+-------+-----
Dodging        | 3 |  3.2
Fighting       | |  1.0
Unarmed Combat | |  3.7
Spellcasting   | |  2.3
Transmutations | |  2.3

Action                   || total
-------------------------++-------
Melee: Unarmed           ||    64
       Headbutt          ||     7
       Bite              ||     6
 Cast: Beastly Appendage ||    15
       Sticks to Snakes  ||     8
  Eat: Chunk             ||     8
Armor: Skin              ||     5
Dodge: Dodged            ||    39
